 Dungeon Crawl Stone Soup version 0.18.1-48-g4cf74bf (webtiles) character file.

508 tyranidshit the Skirmisher (level 6, -1/63 HPs)
             Began as a Deep Dwarf Necromancer on July 24, 2016.
             Was an Initiate of Makhleb.
             Slain by a gnoll
             ... wielding a +0 halberd
              (9 damage)
             ... on level 6 of the Dungeon.
             The game lasted 00:12:36 (3747 turns).

tyranidshit the Skirmisher (Deep Dwarf Necromancer) Turns: 3747, Time: 00:12:37

Health: -1/63      AC:  7    Str: 13    XL:     6   Next: 98%
Magic:  6/6        EV: 11    Int: 16    God:    Makhleb [......]
Gold:   166        SH:  0    Dex: 17    Spells: 1 memorised, 7 levels left

rFire  . . .     SeeInvis .     a - +0 war axe
rCold  . . .     Gourm    .     j - +0 ring mail
rNeg   . . .     Faith    .     (no shield)
rPois  .         Spirit   .     (no helmet)
rElec  .         Dismiss  .     A - +0 cloak
rCorr  .         Reflect  .     (no gloves)
SustAt +         Harm     .     v - +0 pair of boots
MR     .....                    (no amulet)
Stlth  ++........               o - +4 ring of dexterity
                                n - ring of sustain attributes

@: non-regenerating, not resistant to hostile enchantments, unstealthy
A: damage resistance, recharge devices, sense surroundings 1, slow regeneration
3
a: Device Recharging, Renounce Religion


You were on level 6 of the Dungeon.
You worshipped Makhleb.
Makhleb was noncommittal.
You were not hungry.

You visited 2 branches of the dungeon, and saw 7 of its levels.

You collected 166 gold pieces.

Inventory:

Hand Weapons
 a - a +0 war axe (weapon)
Armour
 j - a +0 ring mail (worn)
 v - a +0 pair of boots (worn)
 A - a +0 cloak (worn)
Jewellery
 i - an uncursed ring of resist corrosion
 m - an uncursed ring of protection from fire
 n - a ring of sustain attributes (left hand)
 o - a +4 ring of dexterity (right hand)
 p - an uncursed ring of protection from cold
Wands
 c - a wand of heal wounds (0/9)
 w - a wand of confusion (24/48)
Scrolls
 e - a scroll of fear
 g - 3 scrolls of identify
 l - a scroll of remove curse
 y - a scroll of teleportation
Potions
 k - a potion of lignification
 q - 2 potions of agility
 x - a potion of resistance
Books
 b - a book of Necromancy

   Spells                             Type                      Level
   a - Pain                           Necromancy                   1
   b - Animate Skeleton               Necromancy                   1
   c - Vampiric Draining              Necromancy                   3
   d - Regeneration                   Charms/Necromancy            3
   e - Animate Dead                   Necromancy                   4
   f - Control Undead                 Necromancy                   4
Comestibles
 h - a bread ration
 r - a beef jerky
 s - 2 royal jellies
 t - 4 fruits
 z - 2 meat rations


   Skills:
 - Level 6.3 Fighting
 + Level 1.0 Axes
 + Level 1.0 Armour
 - Level 2.1 Dodging
 - Level 2.4 Stealth
 - Level 1.7 Spellcasting
 - Level 4.3 Necromancy


You had 7 spell levels left.
You knew the following spells:

 Your Spells              Type           Power        Failure   Level  Hunger
a - Pain                  Necr           ###.         10%         1    ##.....


Dungeon Overview and Level Annotations

Branches:
Dungeon (6/15)             Temple (1/1) D:5

Altars:
Ashenzari
Cheibriados
Dithmenos
Elyvilon
Fedhas
Gozag
Kikubaaqudgha
Makhleb
Okawaru
Pakellas
Qazlal
Ru
Sif Muna
Trog
Vehumet
Yredelemnul
Zin
The Shining One


Innate Abilities, Weirdness & Mutations

You are resistant to damage.
You can recharge devices by infusing magical energy.
You passively map a small area around you.
You do not regenerate naturally.


Message History

You see here a spear.
You hit the gnoll.
The gnoll is moderately wounded.
The gnoll closely misses you.
You closely miss the gnoll.
The gnoll is moderately wounded.
The gnoll closely misses you.
You hit the gnoll.
The gnoll is moderately wounded.
The gnoll closely misses you.
You closely miss the gnoll.
The gnoll is moderately wounded.
The gnoll hits you with a halberd!
* * * LOW HITPOINT WARNING * * *
The gnoll hits you with a halberd.
* * * LOW HITPOINT WARNING * * *
You hit the gnoll but do no damage.
The gnoll is moderately wounded.
The gnoll hits you with a halberd!
You die...

* ,#.##### , * *
#.....# * ,,
#.....### ,,.* , ,
#.......# .. * * *
#.......###...*
*#.>.......... * *
#.g.......g.. ,
#.@†.......g. ,
#..........#
##)###....... ,
#..........####.#
####... ,,
#..........+..#.# .
, ,
#..........##.#.####
,,,, ,
#..........#.......#
, ,,
#..........#.......#
, ,,
#..........#.......#
#########
#..........#.......#
#.......#


You could see a gnoll.

Vanquished Creatures
  A centaur (D:5)
  A scorpion (D:5)
  A howler monkey (D:4)
  A giant frog skeleton (D:4)
  2 hounds
  An orc wizard (D:4)
  2 worker ants (D:4)
  5 gnolls
  3 adders
  3 worms
  2 dart slugs
  5 giant geckos
  4 orcs
  2 ball pythons
  5 giant cockroaches
  6 goblins
  11 hobgoblins
  4 jackals (D:3)
  11 kobolds
  4 quokkas
  5 bats
  4 giant newts
  A jackal zombie (D:5)
  6 rats
  A spectral orc (D:3)
91 creatures vanquished.

Vanquished Creatures (others)
  A rat (D:2)
  A fungus (D:5)
  2 plants (D:5)
4 creatures vanquished.

Grand Total: 95 creatures vanquished

Notes
Turn   | Place    | Note
--------------------------------------------------------------
     0 | D:1      | tyranidshit the Deep Dwarf Necromancer began the quest for the Orb.
     0 | D:1      | Reached XP level 1. HP: 15/15 MP: 3/3
   200 | D:1      | Reached skill level 1 in Fighting
   321 | D:1      | Reached XP level 2. HP: 18/25 MP: 4/4
   506 | D:1      | Reached skill level 2 in Fighting
   972 | D:2      | Reached XP level 3. HP: 28/33 MP: 5/5
  1112 | D:2      | Reached skill level 3 in Fighting
  1209 | D:2      | Reached XP level 4. HP: 13/42 MP: 6/6
  1737 | D:3      | Found a basalt altar of Yredelemnul.
  2244 | D:3      | Reached skill level 4 in Fighting
  2407 | D:4      | Reached XP level 5. HP: 40/51 MP: 7/7
  2473 | D:4      | Found an iron altar of Okawaru.
  2630 | D:4      | Reached skill level 5 in Fighting
  2775 | D:4      | Reached XP level 6. HP: 38/61 MP: 7/7
  2823 | D:5      | Entered Level 5 of the Dungeon
  2879 | D:5      | Reached skill level 6 in Fighting
  2928 | D:5      | Found a staircase to the Ecumenical Temple.
  2966 | Temple   | Entered the Ecumenical Temple
  3010 | Temple   | Became a worshipper of Makhleb the Destroyer
  3035 | D:5      | Found a shattered altar of Ashenzari.
  3039 | D:5      | Saw a vision of the Swamp and the Spider Nest.
  3039 | D:5      | Noticed a water moccasin
  3039 | D:5      | Noticed an alligator
  3039 | D:5      | Noticed a redback
  3039 | D:5      | Noticed a wolf spider
  3039 | D:5      | Noticed a wolf spider
  3039 | D:5      | Noticed a wolf spider
  3039 | D:5      | Noticed a redback
  3040 | D:5      | Noticed a redback
  3040 | D:5      | Noticed an alligator
  3040 | D:5      | Noticed a swamp drake
  3081 | D:5      | Found a glowing silver altar of Zin.
  3082 | D:5      | Found an opulent altar of Gozag.
  3424 | D:5      | Found a deep blue altar of Sif Muna.
  3649 | D:6      | Found an iron altar of Okawaru.
  3650 | D:6      | Found a bloodstained altar of Trog.
  3741 | D:6      | Reached skill level 1 in Axes
  3741 | D:6      | Reached skill level 1 in Armour
  3747 | D:6      | Slain by a gnoll

Skill      XL: |  1  2  3  4  5  6 |
---------------+-------------------+-----
Fighting       | 1 2 3 4 5 6 |  6.3
Axes           | 1 |  1.0
Armour         | 1 |  1.0
Dodging        | |  2.1
Stealth        | |  2.4
Spellcasting   | |  1.7
Necromancy     | |  4.3

Action                   |  1- 3 |  4- 6 || total
-------------------------+-------+-------++-------
Melee: Dagger            |   169 |   134 ||   303
       Whip              |       |   100 ||   100
       Short sword       |       |   162 ||   162
       War axe           |       |    18 ||    18
 Cast: Pain              |     5 |       ||     5
 Abil: Device Recharging |       |     2 ||     2
Evoke: Wand              |     2 |     8 ||    10
  Use: Potion            |     3 |     3 ||     6
       Scroll            |     3 |     6 ||     9
 Stab: Sleeping          |       |     2 ||     2
  Eat: Bread ration      |     1 |     2 ||     3
       Chunk             |       |     1 ||     1
Armor: Ring mail         |    38 |   204 ||   242
Dodge: Dodged            |    92 |   314 ||   406
